 Dungeon Sprint DCSS version 0.29-a0-284-gf9362112df (webtiles) character file.

Game seed: 7952922818961052115

287274 mhtbhm the Minotaur Porcupine (level 17, -11/286 HPs)
             Began as a Minotaur Berserker on Mar 28, 2022.
             Was the Champion of Trog.
             Mangled by Gloorx Vloq (18 damage)
             ... in the Dungeon (Sprint III: "The Ten Rune Challenge").
             The game lasted 00:42:46 (14150 turns).

mhtbhm the Minotaur Porcupine (Minotaur Berserker) Turns: 14150, Time: 00:42:47

Health: -11/286    AC: 36    Str: 36    XL:     17   Next: 60%
Magic:  11/16      EV: 28    Int:  8    God:    Trog [******]
Gold:   5691       SH: 30    Dex: 20    Spells: 16/16 levels left

rFire   x . .      SeeInvis +   s - +8 demon trident (flame)
rCold   + + +      Faith    .   e - +2 tower shield {reflect}
rNeg    + + +      Spirit   .   I - +0 ice dragon scales
rPois   .          Reflect  +   j - +3 crown of Dyrovepreva {rElec Int+2 SInv}
rElec   +          Harm     .   D - +3 cloak of Lecsu {rN+ Stlth+}
rCorr   .          Rampage  .   A - +2 pair of gloves {infuse}
Will    ++...      NoTele   +   G - +2 pair of boots of Spite {Regen+ Dex+4}
Stlth   ..........              y - amulet of reflection
HPRegen 1.37/turn               Q - ring of Moodiness {rN+ Will+ Int+4 Dex+4}
MPRegen 0.15/turn               U - ring "Hozaobb" {+Blink rC+ rN+ Str+6}

@: berserking, hasted and slowed, studying 2 skills
A: horns 2, retaliatory headbutt, hooves 1, dopey 1, strong 1, sturdy frame 1
}: 6/10 runes: decaying, barnacled, silver, golden, icy, demonic
a: Renounce Religion, Evoke Blink, Berserk, Trog's Hand, Brothers in Arms


You were in the Dungeon.
You worshipped Trog.
Trog was exalted by your worship.
You visited 1 branch You collected 10218 gold pieces.
You spent 4527 gold pieces at shops.

Inventory:

Hand Weapons
 a - the +7 glaive of Cuduheint {flame, rPois}
   (Trog gifted it to you in the Dungeon)

   It burns those it strikes, dealing additional fire damage.
   Big, fiery blades are also staple armaments of hydra-hunters.
   rPois:     It protects you from poison.
 k - a +5 vorpal bardiche
 q - a +1 trishula of holy wrath
 s - a +8 demon trident of flaming (weapon)
 M - a +0 morningstar of holy wrath
Missiles
 N - 17 silver javelins (quivered)
Armour
 b - a +1 plate armour of fire resistance
 e - a +2 tower shield of reflection (worn)
 j - the +3 crown of Dyrovepreva (worn) {rElec Int+2 SInv}
   (You bought it in a shop in the Dungeon)

   Int:       It affects your intelligence (+2).
   rElec:     It insulates you from electricity.
   SInv:      It lets you see invisible.
 u - a +2 pair of boots of rampaging
 A - a +2 pair of gloves of infusion (worn)
 B - a scarf of repulsion
 D - the +3 cloak of Lecsu (worn) {rN+ Stlth+}
   (You acquired it in the Dungeon)

   rN:        It protects you from negative energy.
   Stlth:     It makes you more stealthy.
 G - the +2 pair of boots of Spite (worn) {Regen+ Dex+4}
   (You acquired it in the Dungeon)

   Dex:       It affects your dexterity (+4).
   Regen:     It increases your rate of health regeneration.
 I - +0 ice dragon scales (worn)
Jewellery
 t - the ring of Bept {rC+ Str+3 Dex+6}
   (You took it off a deep elf demonologist in the Dungeon)

   [ring of dexterity]

   Str:       It affects your strength (+3).
   Dex:       It affects your dexterity (+6).
   rC:        It protects you from cold.
 y - an amulet of reflection (around neck)
 z - a +4 ring of evasion
 J - a ring of flight
 O - a ring of protection from fire
 Q - the ring of Moodiness (left hand) {rN+ Will+ Int+4 Dex+4}
   (You took it off a deep elf death mage in the Dungeon)

   [ring of willpower]

   Int:       It affects your intelligence (+4).
   Dex:       It affects your dexterity (+4).
   rN:        It protects you from negative energy.
   Will:      It increases your willpower.
 U - the ring "Hozaobb" (right hand) {+Blink rC+ rN+ Str+6}
   (You found it in the Dungeon)

   [ring of strength]

   Str:       It affects your strength (+6).
   rC:        It protects you from cold.
   rN:        It protects you from negative energy.
   +Blink:    It lets you blink.
Wands
 E - a wand of mindburst (12)
 V - a wand of acid (3)
 X - a wand of paralysis (6)
Scrolls
 h - a scroll of blinking
 m - 5 scrolls of immolation
 r - 6 scrolls of identify
 v - a scroll of fog
 F - 3 scrolls of silence
 H - 6 scrolls of enchant armour
 S - a scroll of magic mapping
Potions
 c - 7 potions of curing
 d - 6 potions of heal wounds
 f - 3 potions of magic
 g - a potion of berserk rage
 i - 3 potions of resistance
 l - 8 potions of flight
 n - 4 potions of mutation
 o - a potion of might
 w - 4 potions of attraction
 x - a potion of lignification
 C - a potion of cancellation
 Y - 8 potions of haste
Miscellaneous
 p - a piece from Xom's chessboard (15/15)
 K - a phantom mirror
 R - a lightning rod (4/4)
 W - a tin of tremorstones (2/2)
 Z - the horn of Geryon


   Skills:
 O Level 27 Fighting
 O Level 27 Polearms
 + Level 17.7 Throwing
 + Level 26.2 Armour
 + Level 25.5 Dodging
 + Level 26.4 Stealth
 + Level 19.9 Shields
 + Level 15.2 Evocations


You had 16 spell levels left.
You didn't know any spells.
Your spell library was empty.

Dungeon Overview and Level Annotations

Branches:
Dungeon (1/1)

Altars:
Cheibriados
Dithmenos
Elyvilon
Fedhas
Gozag
Hepliaklqana
Kikubaaqudgha
Makhleb
Nemelex Xobeh
Okawaru
Qazlal
Ru
Sif Muna
Trog
Uskayaw
Vehumet
Wu Jian
Xom
Yredelemnul
Zin
The Shining One
Beogh
Jiyva
Lugonu

Shops:
D =(?=:?[[!![[:!?![((*=[!

Annotations:
D Gloorx Vloq


Innate Abilities, Weirdness & Mutations

You have a pair of horns on your head.
You reflexively headbutt those who attack you in melee.
You have large cloven feet.
You are dopey. (Int -2)
Your muscles are strong. (Str +2)
Your movements are slightly less encumbered by armour. (ER -2)


Message History

The Executioner hits you.
* * * LOW HITPOINT WARNING * * *
The Executioner misses you.
The royal mummy gestures wildly while chanting.
You block the Executioner's attack. The Executioner hits you.
* * * LOW HITPOINT WARNING * * *
The Executioner completely misses you.
The Executioner hits you but does no damage.
The Executioner misses you. The Executioner completely misses you.
Gloorx Vloq closely misses you. You furiously retaliate!
You headbutt Gloorx Vloq! You closely miss Gloorx Vloq.
Gloorx Vloq is lightly wounded.
You block the Executioner's attack. The Executioner closely misses you.
You block the Executioner's attack. x2
The Executioner hits you but does no damage.
You block the Executioner's attack.
The Executioner hits you but does no damage.
You block the Executioner's attack. The Executioner completely misses you.
The Executioner barely misses you. You furiously retaliate!
You headbutt the Executioner!! You block the Executioner's attack.
The Executioner hits you!
* * * LOW HITPOINT WARNING * * *
The Executioner misses you.
The Executioner hits you but does no damage.
The Executioner completely misses you. Gloorx Vloq hits you.
* * * LOW HITPOINT WARNING * * *
The Executioner hits you!
* * * LOW HITPOINT WARNING * * *
The Executioner closely misses you.
The Executioner hits you but does no damage.
The royal mummy gestures wildly while chanting.
You barely miss Gloorx Vloq. Your headbutt misses Gloorx Vloq.
Gloorx Vloq is lightly wounded.
You block the Executioner's attack. x4
The Executioner hits you but does no damage. x3
You block the Executioner's attack. The Executioner misses you.
The Executioner hits you but does no damage. x3
Gloorx Vloq hits you!!
You die...

####)#############+##############
....).....)...............#...# #
..........)).)(...........#...###
...).......)..()..........'...').
...[..=...)..)............#...###
...........)........§.....#...# #
#####'#############§#############
##≈≈≈≈≈≈≈≈≈##sB1#1§§§#,,,*#......
)'≈###≈≈#####BB1@§§§§+,,,*#......
##≈'.#≈≈'.# #MB&#...§#,,,*#.....)
≈≈≈###≈≈######M#######*+**#.....)
≈≈≈≈≈≈≈≈≈≈≈# #B,,,,,,,,,* #......
≈≈≈###≈≈≈≈≈#*#+***********#.###..
'#≈#['≈≈#'##*,,,*,,,,,,,,*#.#^#..
}#≈###≈≈#:# *,,,+,,,,,,,,*#.###..
##≈≈≈≈≈≈### *,,,*,,,,,,,,*#......
######## **************#######


You could see Gloorx Vloq, a royal mummy, an emperor scorpion (summoned), 3
Executioners, a guardian mummy and 4 death scarabs.

Vanquished Creatures
  Antaeus (D)
  Mara (D)
  Mennas (D)
  2 royal mummies (D)
  Boris (D)
  Sojobo (D)
  Sigmund (D)
  Geryon (D)
  Nikola (D)
  A Tzitzimitl (D)
  4 bone dragons (D)
  An iron giant (D)
  Rupert (D)
  Nellie (D)
  5 Ice Fiends (D)
  2 Hell Sentinels (D)
  A lich (D)
  3 deep elf blademasters (D)
  A quicksilver dragon (D)
  A deep elf master archer (D)
  An Executioner (D)
  Gastronok (D)
  An ancient champion (D)
  2 sphinxes (D)
  A kraken (D)
  A storm dragon (D)
  Chuck (D)
  2 draconian knights (D)
  2 shadow dragons (D)
  Roxanne (D)
  4 azure jellies (D)
  5 frost giants (D)
  An iron dragon (D)
  4 war gargoyles (D)
  3 stone giants (D)
  6 vampire knights (D)
  Nessos (D)
  3 deep elf demonologists (D)
  Azrael (D)
  A deep elf annihilator (D)
  2 dire elephants (D)
  A yellow draconian (D)
  A deep elf death mage (D)
  A fire dragon (D)
  9 mummy priests (D)
  An iron golem (D)
  6 yaktaur captains (D)
  Erolcha (D)
  A deep elf high priest (D)
  3 hydras (D)
  12 vault guards (D)
  2 two-headed ogres (shapeshifter) (D)
  2 centaur warriors (D)
  An ogre mage (D)
  2 hell beasts (D)
  4 ice dragons (D)
  2 alligator snapping turtles (D)
  4 dancing weapons (D)
  4 death yaks (D)
  Urug (D)
  2 iron elementals (D)
  3 deep elf knights (D)
  2 sun demons (D)
  2 soul eaters (D)
  A death drake (D)
  7 skeletal warriors (D)
  A spriggan druid (D)
  2 anaconda zombies (D)
  A glowing orange brain (D)
  A death drake (shapeshifter) (D)
  A glowing orange brain (shapeshifter) (D)
  3 kraken simulacra (D)
  A lindwurm (D)
  2 obsidian statues (D)
  2 deep elf zephyrmancers (D)
  2 deep elf pyromancers (D)
  2 oklob plants (D)
  2 orc knights (D)
  2 orc sorcerers (D)
  4 ugly things (D)
  4 crystal guardians (D)
  A shining eye (shapeshifter) (D)
  2 stone giant skeletons (D)
  A shining eye (D)
  3 rust devils (D)
  2 black mambas (D)
  2 iron troll simulacra (D)
  2 elephants (D)
  8 statues (D)
  A molten gargoyle (D)
  Edmund (D)
  An eye of devastation (shapeshifter) (D)
  A rime drake (D)
  2 cane toads (D)
  11 yaktaurs (D)
  A komodo dragon (D)
  2 ice devils (D)
  An anaconda simulacrum (D)
  13 guardian mummies (D)
  3 wandering mushrooms (D)
  A queen bee (D)
  4 spriggan defenders (D)
  3 hornets (D)
  2 orc high priests (D)
  9 slime creatures (D)
  2 tyrant leeches (D)
  8 blink frogs (D)
  4 snapping turtles (D)
  5 shadows (D)
  2 spriggans (D)
  5 redbacks (D)
  A golden eye (D)
  A spatial vortex (D)
  5 hydra simulacra (D)
  2 floating eyes (D)
  A swamp drake (D)
  3 orc warriors (D)
  A fire dragon simulacrum (D)
  5 two-headed ogres (D)
  A necrophage (D)
  A water elemental (D)
  A scorpion (D)
  32 killer bees (D)
  4 electric eels (D)
  A jelly (D)
  5 orc priests (D)
  A wizard (D)
  Jessica (D)
  5 necromancers (D)
  An orc wizard (D)
  3 humans (D)
  A kobold demonologist (D)
  2 swamp drake simulacra (D)
  An adder zombie (D)
  2 orcs (D)
  An endoplasm (D)
  2 giant cockroach zombies (D)
  2 rats (D)
  A ball lightning (D)
  5 butterflies (D)
  3 plants (D)
  A tentacle (D)
379 creatures vanquished.

Vanquished Creatures (collateral kills)
  A shadow dragon (D)
  4 vault guards (D)
  An orc high priest (D)
  A guardian mummy (D)
  3 orc warriors (D)
  2 orc priests (D)
  An orc (D)
13 creatures vanquished.

Vanquished Creatures (others)
  A shadow wraith (D)
  2 electric eels (D)
  5 ball lightnings (D)
  2 ballistomycete spores (D)
  A bush (D)
  37 plants (D)
  11 tentacles (D)
59 creatures vanquished.

Grand Total: 451 creatures vanquished

Notes
Turn   | Place    | Note
-------+----------+-------------------------------------------
     0 | D        | mhtbhm the Minotaur Berserker began the quest for the Orb.
     0 | D        | Reached XP level 1. HP: 19/19 MP: 0/0
    12 | D        | Noticed Jessica
    18 | D        | Killed Jessica
    18 | D        | Reached ** piety under Trog
    19 | D        | Reached skill level 5 in Fighting
    19 | D        | Reached skill level 5 in Polearms
    19 | D        | Reached XP level 2. HP: 29/29 MP: 1/1
    23 | D        | Reached XP level 3. HP: 37/37 MP: 2/2
    85 | D        | Noticed a scorpion
    92 | D        | Killed a scorpion
    93 | D        | Reached XP level 4. HP: 47/47 MP: 3/3
   131 | D        | Gained mutation: You are robust. (+10% HP) [potion of
                  | mutation]
   131 | D        | Gained mutation: Your movements are slightly less
                  | encumbered by armour. (ER -2) [potion of mutation]
   131 | D        | Gained mutation: Your muscles are strong. (Str +2) [potion
                  | of mutation]
   131 | D        | Gained mutation: You have large cloven feet. [potion of
                  | mutation]
   164 | D        | Noticed a water elemental
   168 | D        | Killed a water elemental
   168 | D        | Reached *** piety under Trog
   169 | D        | Reached XP level 5. HP: 60/60 MP: 4/4
   206 | D        | Found a basalt altar of Yredelemnul.
   206 | D        | Found a shadowy altar of Dithmenos.
   206 | D        | Found a sacrificial altar of Ru.
   211 | D        | Reached skill level 10 in Polearms
   211 | D        | Reached skill level 5 in Armour
   211 | D        | Reached skill level 5 in Dodging
   286 | D        | Found a hide-covered altar of Uskayaw.
   286 | D        | Found an iron altar of Okawaru.
   286 | D        | Found a bloodstained altar of Trog.
   286 | D        | Found an ornate altar of the Wu Jian Council.
   286 | D        | Noticed a human
   287 | D        | Noticed a human
   288 | D        | Killed a human
   288 | D        | Reached **** piety under Trog
   289 | D        | Reached skill level 10 in Fighting
   289 | D        | Reached XP level 6. HP: 73/73 MP: 5/5
   293 | D        | Killed a human
   294 | D        | Reached XP level 7. HP: 81/81 MP: 6/6
   348 | D        | Found a glowing silver altar of Zin.
   348 | D        | Found a glowing golden altar of the Shining One.
   348 | D        | Found a white marble altar of Elyvilon.
   349 | D        | Noticed a deep elf pyromancer
   351 | D        | Killed a deep elf pyromancer
   404 | D        | Found a radiant altar of Vehumet.
   404 | D        | Found a shimmering blue altar of Sif Muna.
   404 | D        | Found an ancient bone altar of Kikubaaqudgha.
   407 | D        | Reached ***** piety under Trog
   456 | D        | Noticed a shadow
   461 | D        | Killed a shadow
   462 | D        | Reached XP level 8. HP: 94/94 MP: 7/7
   503 | D        | Found a blossoming altar of Fedhas.
   503 | D        | Found a stormy altar of Qazlal.
   503 | D        | Found a snail-covered altar of Cheibriados.
   503 | D        | Found a burning altar of Makhleb.
   503 | D        | Found a shimmering altar of Xom.
   504 | D        | Found a hazy altar of Hepliaklqana.
   504 | D        | Found an opulent altar of Gozag.
   504 | D        | Found a sparkling altar of Nemelex Xobeh.
   504 | D        | Found a corrupted altar of Lugonu.
   504 | D        | Found a viscous altar of Jiyva.
   734 | D        | Reached skill level 15 in Polearms
   968 | D        | Noticed a two-headed ogre
   993 | D        | Killed a two-headed ogre
  1263 | D        | Noticed Erolcha
  1263 | D        | Noticed a two-headed ogre
  1270 | D        | Killed Erolcha
  1271 | D        | Reached skill level 15 in Fighting
  1271 | D        | Reached skill level 1 in Stealth
  1271 | D        | Reached XP level 9. HP: 106/106 MP: 8/8
  1276 | D        | Killed a two-headed ogre
  1276 | D        | Received a gift from Trog
  1361 | D        | Noticed a wandering mushroom
  1365 | D        | Noticed a wandering mushroom
  1372 | D        | Killed a wandering mushroom
  1373 | D        | Noticed a wandering mushroom
  1379 | D        | Killed a wandering mushroom
  1386 | D        | Killed a wandering mushroom
  1386 | D        | Received a gift from Trog
  1398 | D        | Noticed a cane toad
  1398 | D        | Noticed a komodo dragon
  1398 | D        | Noticed a cane toad
  1400 | D        | Killed a cane toad
  1410 | D        | Killed a cane toad
  1411 | D        | Reached XP level 10. HP: 118/118 MP: 9/9
  1413 | D        | Reached skill level 10 in Dodging
  1753 | D        | Reached ****** piety under Trog
  1762 | D        | Received a gift from Trog
  1914 | D        | Noticed a lindwurm
  1917 | D        | Killed a lindwurm
  1990 | D        | Noticed Urug
  1995 | D        | Killed Urug
  2269 | D        | Identified the +7 glaive of Cuduheint {flame, rPois} (Trog
                  | gifted it to you in the Dungeon)
  2269 | D        | Received a gift from Trog
  2408 | D        | Found Jocipn's Jewellery Shop.
  2408 | D        | Noticed an orc high priest
  2408 | D        | Noticed an orc sorcerer
  2408 | D        | Noticed an orc sorcerer
  2411 | D        | Noticed a rust devil
  2415 | D        | Killed an orc sorcerer
  2415 | D        | Received a gift from Trog
  2416 | D        | Reached XP level 11. HP: 133/133 MP: 10/10
  2423 | D        | Killed an orc sorcerer
  2424 | D        | Killed an orc high priest
  2435 | D        | Received a gift from Trog
  2514 | D        | Noticed a deep elf zephyrmancer
  2514 | D        | Noticed a deep elf zephyrmancer
  2514 | D        | Noticed a deep elf pyromancer
  2514 | D        | Noticed a deep elf knight
  2514 | D        | Noticed a deep elf knight
  2521 | D        | Killed a deep elf knight
  2522 | D        | Reached skill level 5 in Stealth
  2522 | D        | Killed a deep elf zephyrmancer
  2526 | D        | Noticed a deep elf demonologist
  2528 | D        | Killed a deep elf knight
  2528 | D        | Received a gift from Trog
  2530 | D        | Killed a deep elf pyromancer
  2531 | D        | Killed a deep elf zephyrmancer
  2750 | D        | Noticed Sigmund
  2750 | D        | Noticed Edmund
  2759 | D        | Killed Edmund
  2760 | D        | Killed Sigmund
  2760 | D        | Received a gift from Trog
  2971 | D        | Noticed an obsidian statue
  2976 | D        | Gained mutation: You are dopey. (Int -2) [a neqoxec]
  2985 | D        | Killed an obsidian statue
  3079 | D        | Found Napsax's Antique Weapon Emporium.
  3079 | D        | Found Gina's General Store.
  3079 | D        | Found Nush's Distillery.
  3079 | D        | Found Orueq's Antique Armour Boutique.
  3079 | D        | Found Zusej's Antique Weapon Emporium.
  3079 | D        | Found Jiute's Antique Armour Emporium.
  3079 | D        | Found Bimaweib's Jewellery Boutique.
  3080 | D        | Found Diac Sia's Distillery.
  3080 | D        | Found Lauvoh's Magic Scroll Shoppe.
  3080 | D        | Found Caphi's Distillery.
  3080 | D        | Found Bimuan's Book Emporium.
  3081 | D        | Noticed a crystal guardian
  3105 | D        | Noticed a crystal guardian
  3105 | D        | Noticed a crystal guardian
  3106 | D        | Noticed a crystal guardian
  3109 | D        | Killed a crystal guardian
  3110 | D        | Reached XP level 12. HP: 147/147 MP: 11/11
  3118 | D        | Received a gift from Trog
  3265 | D        | Paralysed by an air elemental for 1 turns
  3356 | D        | Bought the +3 crown of Dyrovepreva {rElec Int+2 SInv} for
                  | 910 gold pieces
  3356 | D        | Found the +3 crown of Dyrovepreva {rElec Int+2 SInv}
  3364 | D        | Bought a pair of embroidered gloves for 180 gold pieces
  3385 | D        | Bought a scroll of blinking for 82 gold pieces
  3389 | D        | Bought a potion of heal wounds for 60 gold pieces
  3398 | D        | Bought a scroll of enchant weapon for 82 gold pieces
  3428 | D        | Bought a scroll of brand weapon for 220 gold pieces
  3480 | D        | Received a gift from Trog
  3558 | D        | Reached skill level 1 in Evocations
  3750 | D        | Noticed a centaur warrior
  3758 | D        | Killed a centaur warrior
  3758 | D        | Received a gift from Trog
  3806 | D        | Noticed a two-headed ogre
  3808 | D        | Killed a two-headed ogre
  3837 | D        | Noticed a fire dragon
  3846 | D        | Killed a fire dragon
  4150 | D        | Received a gift from Trog
  4158 | D        | Identified the +7 halberd of Nosa {drain, rPois rF- rCorr
                  | Stlth+}
  4179 | D        | Noticed a yaktaur captain
  4192 | D        | Reached skill level 10 in Armour
  4222 | D        | Killed a yaktaur captain
  4323 | D        | Noticed a vampire knight
  4331 | D        | Killed a vampire knight
  4331 | D        | Received a gift from Trog
  4332 | D        | Reached XP level 13. HP: 90/162 MP: 12/12
  4566 | D        | Noticed a bone dragon
  4579 | D        | Killed a bone dragon
  4654 | D        | Noticed a vampire knight
  4657 | D        | Killed a vampire knight
  4721 | D        | Received a gift from Trog
  4797 | D        | Noticed a bone dragon
  4810 | D        | Killed a bone dragon
  4811 | D        | Reached skill level 15 in Dodging
  5015 | D        | Noticed a vampire knight
  5017 | D        | Killed a vampire knight
  5022 | D        | Noticed a vampire knight
  5024 | D        | Killed a vampire knight
  5098 | D        | Noticed a bone dragon
  5103 | D        | Killed a bone dragon
  5103 | D        | Received a gift from Trog
  5104 | D        | Reached skill level 10 in Stealth
  5127 | D        | Noticed a mummy priest
  5135 | D        | Noticed a bone dragon
  5145 | D        | Killed a bone dragon
  5359 | D        | Noticed a dire elephant
  5359 | D        | Noticed a dire elephant
  5359 | D        | Noticed Gastronok
  5373 | D        | Killed a dire elephant
  5373 | D        | Received a gift from Trog
  5385 | D        | Killed a dire elephant
  5391 | D        | Killed Gastronok
  5392 | D        | Reached skill level 27 in Polearms
  5527 | D        | Noticed an azure jelly
  5527 | D        | Noticed an azure jelly
  5527 | D        | Noticed an azure jelly
  5528 | D        | Noticed an azure jelly
  5530 | D        | Noticed Rupert
  5542 | D        | Killed Rupert
  5646 | D        | Received a gift from Trog
  5649 | D        | Reached skill level 1 in Throwing
  5679 | D        | Received a gift from Trog
  5680 | D        | Reached XP level 14. HP: 181/181 MP: 13/13
  5687 | D        | Noticed a kraken
  5705 | D        | Killed a kraken
  5801 | D        | Found Gicyfish's Jewellery Shoppe.
  5801 | D        | Found Dyukosm's Antique Weapon Boutique.
  5801 | D        | Found Piodarr's Magic Scroll Shop.
  5995 | D        | Got a barnacled rune of Zot
  5997 | D        | Bought a scroll of enchant weapon for 97 gold pieces
  5997 | D        | Bought a scroll of enchant weapon for 97 gold pieces
  6002 | D        | Bought an amulet of reflection for 300 gold pieces
  6073 | D        | Killed an azure jelly
  6073 | D        | Received a gift from Trog
  6075 | D        | Killed an azure jelly
  6076 | D        | Reached skill level 27 in Fighting
  6078 | D        | Killed an azure jelly
  6081 | D        | Killed an azure jelly
  6194 | D        | Received a gift from Trog
  6209 | D        | Reached skill level 1 in Shields
  6416 | D        | Reached skill level 5 in Throwing
  6787 | D        | Found a blossoming altar of Fedhas.
  6799 | D        | Received a gift from Trog
  7070 | D        | Found Jeuphidgh's Book Emporium.
  7070 | D        | Found Jethrano's Magic Scroll Shop.
  7070 | D        | Found Bomaetoe's Antique Armour Shoppe.
  7276 | D        | Bought a scroll of acquirement for 572 gold pieces
  7276 | D        | Bought a scroll of enchant armour for 82 gold pieces
  7276 | D        | Bought a scroll of enchant armour for 82 gold pieces
  7283 | D        | Bought a heavily runed chain mail for 209 gold pieces
  7283 | D        | Identified the +1 chain mail of the Stained God {rF+} (You
                  | bought it in a shop in the Dungeon)
  7547 | D        | Got a decaying rune of Zot
  7685 | D        | Bought a ring of flight for 245 gold pieces
  7686 | D        | Acquired the +2 pair of boots of Spite {Regen+ Dex+4}
  7743 | D        | Received a gift from Trog
  7756 | D        | Received a gift from Trog
  7771 | D        | Received a gift from Trog
  7789 | D        | Received a gift from Trog
  7919 | D        | Reached skill level 15 in Stealth
  7991 | D        | Noticed Azrael
  7997 | D        | Killed Azrael
  8038 | D        | Acquired 831 gold pieces
  8118 | D        | Acquired 929 gold pieces
  8173 | D        | Found Tanealoq's Distillery.
  8173 | D        | Found Nufofu Gasmi's Armour Shop.
  8173 | D        | Found Cokivy's Distillery.
  8173 | D        | Found Wath's Armour Shoppe.
  8177 | D        | Received a gift from Trog
  8182 | D        | Bought a +2 pair of gloves of infusion for 279 gold pieces
  8197 | D        | Identified Roxanne's Volume of Moulding
  8197 | D        | Noticed Roxanne
  8207 | D        | Killed Roxanne
  8286 | D        | Found Taloheuf's Armour Boutique.
  8332 | D        | Received a gift from Trog
  8333 | D        | Noticed Nikola
  8333 | D        | Noticed a storm dragon
  8340 | D        | Killed a storm dragon
  8341 | D        | Reached skill level 5 in Shields
  8352 | D        | Killed Nikola
  8353 | D        | Reached skill level 15 in Armour
  8409 | D        | Received a gift from Trog
  8580 | D        | Noticed Boris
  8585 | D        | Reached XP level 15. HP: 191/191 MP: 10/14
  8591 | D        | Received a gift from Trog
  8598 | D        | Killed Boris
  8717 | D        | Acquired 1080 gold pieces
  8748 | D        | Bought a scroll of fog for 22 gold pieces
  8748 | D        | Bought a scroll of identify for 22 gold pieces
  8748 | D        | Bought a scroll of identify for 22 gold pieces
  8751 | D        | Bought a potion of curing for 30 gold pieces
  8751 | D        | Bought a potion of curing for 30 gold pieces
  8751 | D        | Bought a potion of might for 40 gold pieces
  8753 | D        | Bought a potion of heal wounds for 50 gold pieces
  8833 | D        | Noticed Chuck
  8843 | D        | Killed Chuck
  8853 | D        | Identified the ring "Leseit" {Fire *Corrode Str+2 Int+4}
  8874 | D        | Noticed Sojobo
  8879 | D        | Killed Sojobo
  8879 | D        | Received a gift from Trog
  8914 | D        | Noticed a lich
  8917 | D        | Killed a lich
  8993 | D        | Noticed a shadow dragon
  8993 | D        | Noticed a shadow dragon
  9009 | D        | Killed a shadow dragon
  9009 | D        | Received a gift from Trog
  9015 | D        | Killed a shadow dragon
  9271 | D        | Identified the ring of Bept {rC+ Str+3 Dex+6}
  9271 | D        | Noticed a deep elf master archer
  9390 | D        | Identified the +1 ring mail "Paukhlal" {rPois rC+}
  9398 | D        | Identified the ring of Moodiness {rN+ Will+ Int+4 Dex+4}
  9609 | D        | Noticed Mara
  9622 | D        | Killed Mara
  9622 | D        | Paralysed by a vampire knight for 7 turns
  9632 | D        | Received a gift from Trog
  9693 | D        | Noticed an ancient champion
  9701 | D        | Killed an ancient champion
  9702 | D        | Identified the +0 pair of gloves of the Pure Leylines
                  | {+Blink}
  9885 | D        | Noticed Mennas
  9925 | D        | Killed Mennas
  9925 | D        | Received a gift from Trog
 10132 | D        | Received a gift from Trog
 10154 | D        | Reached skill level 5 in Evocations
 10246 | D        | Noticed a black draconian knight
 10246 | D        | Noticed a black draconian knight
 10253 | D        | Killed a black draconian knight
 10253 | D        | Received a gift from Trog
 10258 | D        | Killed a black draconian knight
 10322 | D        | Noticed an Executioner
 10323 | D        | Killed an Executioner
 10323 | D        | Received a gift from Trog
 10343 | D        | Noticed Nessos
 10360 | D        | Killed Nessos
 10414 | D        | Lost mutation: You are robust. (+10% HP) [a shining eye]
 10420 | D        | Reached XP level 16. HP: 181/183 MP: 9/15
 10431 | D        | Reached skill level 10 in Shields
 10512 | D        | Noticed a deep elf blademaster
 10513 | D        | Noticed a deep elf blademaster
 10513 | D        | Noticed a deep elf blademaster
 10535 | D        | Killed a deep elf blademaster
 10540 | D        | Killed a deep elf blademaster
 10540 | D        | Received a gift from Trog
 10545 | D        | Killed a deep elf blademaster
 10905 | D        | Noticed a shadow dragon
 10905 | D        | Noticed a quicksilver dragon
 10914 | D        | Reached skill level 10 in Throwing
 10914 | D        | Received a gift from Trog
 10922 | D        | Killed a shadow dragon
 10925 | D        | Received a gift from Trog
 10953 | D        | Killed a quicksilver dragon
 10953 | D        | Received a gift from Trog
 10966 | D        | Received a gift from Trog
 10984 | D        | Got a silver rune of Zot
 11004 | D        | Identified the +11 long sword "Plog" {drain, rF+ Will+
                  | Dex+4}
 11151 | D        | Noticed a sphinx
 11151 | D        | Noticed a sphinx
 11160 | D        | Noticed a Tzitzimitl
 11163 | D        | Killed a sphinx
 11164 | D        | Killed a sphinx
 11175 | D        | Killed a Tzitzimitl
 11425 | D        | Received a gift from Trog
 11921 | D        | Acquired a manual of Shields
 12083 | D        | Killed a deep elf master archer
 12092 | D        | Killed a ghostly deep elf master archer
 12102 | D        | Received a gift from Trog
 12106 | D        | Noticed an Executioner
 12176 | D        | Identified the +2 pair of gloves of True Grit {rPois}
 12177 | D        | Identified the ring "Qeyveub" {rElec rC+}
 12177 | D        | Identified the ring "Hozaobb" {+Blink rC+ rN+ Str+6}
 12339 | D        | Identified the +13 spear of the Fifty Tusks {flame, Str+4
                  | Stlth+} (Trog gifted it to you in the Dungeon)
 12339 | D        | Received a gift from Trog
 12459 | D        | Noticed a royal mummy
 12462 | D        | Identified the +6 war axe "Potom" {vorpal, Str+4} (Trog
                  | gifted it to you in the Dungeon)
 12462 | D        | Received a gift from Trog
 12472 | D        | Noticed a royal mummy
 12472 | D        | Identified the ring of the Vendetta {rPois Int+4}
 12474 | D        | Killed a royal mummy
 12485 | D        | Received a gift from Trog
 12678 | D        | Killed a royal mummy
 12679 | D        | Reached skill level 15 in Shields
 12695 | D        | Got a golden rune of Zot
 12767 | D        | Noticed a Hell Sentinel
 12776 | D        | Killed a Hell Sentinel
 13055 | D        | Noticed Nellie
 13062 | D        | Killed Nellie
 13063 | D        | Reached skill level 15 in Throwing
 13063 | D        | Reached skill level 10 in Evocations
 13063 | D        | Reached XP level 17. HP: 191/191 MP: 9/16
 13106 | D        | Got a demonic rune of Zot
 13201 | D        | Acquired a manual of Throwing
 13219 | D        | Bought 2 potions of haste for 220 gold pieces
 13219 | D        | Bought a potion of haste for 110 gold pieces
 13219 | D        | Bought a potion of curing for 33 gold pieces
 13219 | D        | Bought a potion of haste for 110 gold pieces
 13220 | D        | Bought a potion of might for 44 gold pieces
 13220 | D        | Bought a potion of curing for 33 gold pieces
 13220 | D        | Bought a potion of haste for 110 gold pieces
 13220 | D        | Bought a potion of curing for 33 gold pieces
 13220 | D        | Bought a potion of heal wounds for 55 gold pieces
 13220 | D        | Bought 2 potions of flight for 66 gold pieces
 13246 | D        | Noticed Geryon
 13250 | D        | Received a gift from Trog
 13251 | D        | Identified the +11 trident "Dumaps" {vorpal, rF+ rC+ rN+}
                  | (Trog gifted it to you in the Dungeon)
 13251 | D        | Received a gift from Trog
 13270 | D        | Killed Geryon
 13360 | D        | Noticed an iron giant
 13370 | D        | Killed an iron giant
 13370 | D        | Received a gift from Trog
 13564 | D        | Received a gift from Trog
 13610 | D        | Noticed a Hell Sentinel
 13621 | D        | Killed a Hell Sentinel
 13701 | D        | Acquired 780 gold pieces
 13705 | D        | Acquired 519 gold pieces
 13709 | D        | Acquired the +3 cloak of Lecsu {rN+ Stlth+}
 13717 | D        | Acquired 964 gold pieces
 13750 | D        | Noticed an Ice Fiend
 13752 | D        | Killed an Ice Fiend
 13792 | D        | Noticed an Ice Fiend
 13793 | D        | Killed an Ice Fiend
 13815 | D        | Noticed an Ice Fiend
 13817 | D        | Killed an Ice Fiend
 13828 | D        | Noticed Antaeus
 13861 | D        | Killed Antaeus
 13861 | D        | Received a gift from Trog
 13862 | D        | Reached skill level 15 in Evocations
 13967 | D        | Got an icy rune of Zot
 13975 | D        | Noticed an Ice Fiend
 13982 | D        | Killed an Ice Fiend
 14058 | D        | Noticed an Ice Fiend
 14062 | D        | Killed an Ice Fiend
 14109 | D        | Identified the +11 halberd of the Valley of Death {vorpal,
                  | rF+} (Trog gifted it to you in the Dungeon)
 14109 | D        | Received a gift from Trog
 14137 | D        | Noticed Gloorx Vloq
 14137 | D        | Noticed a royal mummy
 14149 | D        | HP: 6/286 [Executioner[Gloorx Vloq] (13)]
 14150 | D        | Mangled by Gloorx Vloq

Illustrated notes

Levels and vault maps discovered:
D:        dungeon_sprint_mu [sprint_mu_entry_forest, sprint_mu_temple_rooms,
          sprint_mu_d1_spiders, sprint_mu_d2_genie, sprint_mu_d3_branching,
          sprint_mu_orc_legion, sprint_mu_elf_gauntlet, sprint_mu_hive_nellie,
          sprint_mu_lair_fedhas, sprint_mu_vaults_butterflies,
          sprint_mu_slime_circle, sprint_mu_swamp_cave, sprint_mu_shoals_kraken,
          sprint_mu_blade_basic, sprint_mu_crypt_chambers,
          sprint_mu_tomb_spiral, sprint_mu_vestibule_basic,
          sprint_mu_gehenna_hellfire, sprint_mu_dis_giant,
          sprint_mu_tartarus_statrot, sprint_mu_cocytus_islands, sprint_mu_zot1]

Skill      XL: |  1  2  3  4  5  6  7  8  9 10 11 12 13 14 15 16 17 |
---------------+----------------------------------------------------+-----
Fighting       | 5 7 8 10 11 13 15 16 18 20 23 26 27 | 27.0
Polearms       | 5 7 9 11 12 14 16 18 20 23 25 27 | 27.0
Armour         | 3 4 5 6 7 8 9 10 11 15 17 22 26 | 26.2
Dodging        | 3 4 5 6 7 8 9 11 12 14 16 19 22 24 25 | 25.5
Stealth        | 1 2 4 6 8 12 16 22 25 26 | 26.4
Evocations     | 1 2 5 10 15 | 15.2
Throwing       | 1 7 9 15 17 | 17.7
Shields        | 6 9 15 19 | 19.9

Action                   |  1- 3 |  4- 6 |  7- 9 | 10-12 | 13-15 | 16-18 || total
-------------------------+-------+-------+-------+-------+-------+-------++-------
Melee: Spear             |    16 |    20 |    58 |       |       |       ||    94
       Headbutt          |     2 |     1 |    14 |    29 |    97 |    73 ||   216
       Kick              |       |     2 |    21 |    51 |    83 |       ||   157
       Punch             |       |       |     1 |       |       |       ||     1
       Halberd           |       |       |    17 |       |       |       ||    17
       Bardiche          |       |       |    11 |    38 |       |       ||    49
       Glaive            |       |       |       |   157 |   507 |   296 ||   960
       Demon trident     |       |       |       |       |       |    25 ||    25
Throw: Dart              |       |       |       |       |    10 |       ||    10
       Javelin           |       |       |       |       |     8 |    17 ||    25
Invok: Berserk           |     2 |     3 |     8 |     8 |    13 |    11 ||    45
       Brothers in Arms  |       |       |       |     1 |     2 |     4 ||     7
       Trog's Hand       |       |       |       |       |     3 |     1 ||     4
Evoke: Piece from Xom's  |       |       |       |     1 |     2 |       ||     3
       Wand              |       |       |       |       |     3 |     4 ||     7
       Phantom mirror    |       |       |       |       |     3 |     1 ||     4
       Lightning rod     |       |       |       |       |       |    10 ||    10
       Tin of tremorston |       |       |       |       |       |     3 ||     3
  Use: Potion            |       |     1 |       |       |     4 |     6 ||    11
       Scroll            |       |       |       |     5 |    11 |    10 ||    26
 Stab: Sleeping          |       |       |       |     6 |    31 |    12 ||    49
       Distracted        |       |       |       |       |     5 |     1 ||     6
Armor: Animal skin       |     1 |       |       |       |       |       ||     1
       Ring mail         |       |       |       |    18 |    48 |       ||    66
       Chain mail        |       |       |       |       |    10 |       ||    10
       Plate armour      |       |       |       |       |    34 |    82 ||   116
       Ice dragon scales |       |       |       |       |       |    25 ||    25
Dodge: Dodged            |       |     3 |    21 |    83 |   290 |   191 ||   588
       Repelled          |       |       |       |       |       |     3 ||     3
Block: Other             |       |       |       |       |    39 |    33 ||    72
       Reflection        |       |       |       |       |     5 |     5 ||    10
       Tower shield      |       |       |       |       |       |    31 ||    31

Table legend: (Time is in decaauts) A = Elapsed time spent in this place. B = Non-inter-level travel time spent in this place. C = Inter-level travel time spent in this place. D = Time resting spent in this place. E = Time spent auto-exploring this place. F = Levels seen in this place. G = Mean time per level. A B C D E F G +--------+--------+--------+--------+--------+-----+--------+ Total | 14253 | 13899 | 354 | 8002 | 96 | 1 | 14253.0 | Dungeon | 14253 | 13899 | 354 | 8002 | 96 | 1 | 14253.0 | +--------+--------+--------+--------+--------+-----+--------+

Top non-repeatable levels by time:
       D: 14253 daAuts
